 Dungeon Crawl Stone Soup version 0.30-a0-476-g330ca2eb8e (webtiles) character file.

Game seed: 1008479359395979555

9895 PyroL the Geomancer (level 11, 0/67 HPs)
             Began as a Gargoyle Earth Elementalist on Dec 21, 2022.
             Was a Priest of Vehumet.
             Slain by a yak (10 damage)
             ... on level 10 of the Dungeon.
             The game lasted 00:27:48 (11344 turns).

PyroL the Geomancer (Gargoyle Earth Elementalist)  Turns: 11344, Time: 00:27:49

Health: 0/67       AC: 13    Str: 12    XL:     11   Next: 53%
Magic:  15/21      EV: 14    Int: 30    God:    Vehumet [***...]
Gold:   611        SH:  0    Dex: 10    Spells: 19/23 levels left

rFire   . . .      SeeInvis .    C - +5 hand axe of the Madman {flame, *Rage rC+ Int+3}
rCold   + . .      Faith    .    (no shield)
rNeg    + . .      Spirit   .    A - +1 robe of the Vaults {Int+7}
rPois   ∞          Reflect  .    B - +1 helmet
rElec   +          Harm     .    (no cloak)
rCorr   +          Rampage  .    (no gloves)
Will    .....      Rage     20%  (no boots)
Stlth   ++........               q - amulet of regeneration
HPRegen 1.11/turn                E - ring of resist corrosion
MPRegen 0.17/turn                (no ring)

@: on berserk cooldown, slowed, very slow
A: sickness immunity, AC +8, negative energy resistance 1, electricity
resistance, torment resistance 1, petrification resistance
a: Renounce Religion


You were on level 10 of the Dungeon.
You worshipped Vehumet.
Vehumet was most pleased with you.
You visited 2 branches of the dungeon, and saw 11 of its levels.

You collected 611 gold pieces.

Inventory:

Hand Weapons
 l - a +2 dagger of protection
 C - the +5 hand axe of the Madman (weapon) {flame, *Rage rC+ Int+3}
   (You found it on level 7 of the Dungeon)

   It burns those it strikes, dealing additional fire damage.
   Big, fiery blades are also staple armaments of hydra-hunters.
   Int:       It affects your intelligence (+3).
   rC:        It protects you from cold.
   *Rage:     It berserks you when you make melee attacks (+20% chance).
Missiles
 r - 4 atropa-tipped darts
Armour
 A - the +1 robe of the Vaults (worn) {Int+7}
   (You took it off a centaur on level 9 of the Dungeon)

   Int:       It affects your intelligence (+7).
 B - a +1 helmet (worn)
 I - +0 steam dragon scales
Jewellery
 j - an amulet of guardian spirit
 q - an amulet of regeneration (around neck)
 E - a ring of resist corrosion (left hand)
Wands
 G - a wand of iceblast (15)
Scrolls
 a - a scroll of brand weapon {unknown}
 c - 2 scrolls of torment {unknown}
 d - 7 scrolls of teleportation
 k - 3 scrolls of immolation
 m - a scroll of fear
 n - 2 scrolls of poison
 x - a scroll of amnesia {unknown}
 y - 2 scrolls of vulnerability {unknown}
 D - a scroll of summoning {unknown}
 H - a scroll of blinking {unknown}
Potions
 b - 2 potions of magic
 e - 4 potions of mutation
 f - 7 potions of curing
 g - 2 potions of might
 h - a potion of brilliance {unknown}
 i - 3 potions of attraction
 o - 3 potions of heal wounds
 p - 4 potions of cancellation
 s - a potion of berserk rage {unknown}
 t - 4 potions of flight
 u - 4 potions of lignification
 v - a potion of invisibility {unknown}
 w - 2 potions of degeneration {unknown}
 z - a potion of ambrosia {unknown}


   Skills:
 - Level 7.0 Fighting
 - Level 7.0 Dodging
 - Level 2.1 Stealth
 + Level 6.8 Spellcasting
 - Level 9.3 Conjurations
 - Level 0.7 Transmutations
 - Level 11.8 Earth Magic


You had 19 spell levels left.
You knew the following spells:

 Your Spells              Type           Power      Damage    Failure   Level
a - Sandblast             Erth           100%       2d20      1%          1
b - Stone Arrow           Conj/Erth      100%       3d13      1%          3

Your spell library contained the following spells:

 Spells                   Type           Power      Damage    Failure   Level
 Searing Ray              Conj           100%       2d8       1%          2
 Passwall                 Tmut/Erth      39%        N/A       1%          2
 Sticky Flame             Conj/Fire      38%        2d6       1%          4
 Ignite Poison            Fire/Tmut/Pois 11%        N/A       3%          3
 Petrify                  Tmut/Erth      47%        N/A       3%          4
 Animate Armour           Summ/Erth      90%        N/A       4%          4
 Ensorcelled Hibernation  Hex/Ice        20%        N/A       8%          2
 Borgnjor's Vile Clutch   Necr/Erth      22%        N/A       12%         5
 Swiftness                Air            10%        N/A       14%         3
 Lehudib's Crystal Spear  Conj/Erth      32%        10d8      67%         8
 Alistair's Intoxication  Tmut/Pois      8%         N/A       75%         5
 Eringya's Noxious Bog    Tmut/Pois      6%         N/A       82%         6
 Ignition                 Fire           5%         3d4       100%        8


Dungeon Overview and Level Annotations

Branches:
Dungeon (10/15)            Temple (1/1) D:4
   Lair: D:8-11         Orc: D:9-12

Altars:
Ashenzari
Cheibriados
Dithmenos
Elyvilon
Fedhas
Gozag
Hepliaklqana
Kikubaaqudgha
Makhleb
Nemelex Xobeh
Okawaru
Qazlal
Sif Muna
Trog
Uskayaw
Vehumet
Wu Jian
Xom
Yredelemnul
Zin
The Shining One

Shops:
D:5 *

Annotations:
D:10 Erolcha


Innate Abilities, Weirdness & Mutations

You are immune to sickness and miasma.
Your stone body is resilient. (AC +8)
You are immune to poison.
You resist negative energy. (rN+)
You are resistant to electric shocks. (rElec)
You are resistant to unholy torment.
You are immune to petrification.


Message History

You completely miss the yak.
The yak is heavily wounded.
You hit the yak. You burn the yak. The yak closely misses you. x2
The yak gores you but does no damage. The yak closely misses you.
You hit the yak. You burn the yak.
The yak is severely wounded.
You hit the yak but do no damage.
The yak gores you. x2; The yak misses you.
The yak gores you!
You barely miss the yak.
The yak is severely wounded.
You hit the yak. You burn the yak. The yak closely misses you.
The yak gores you but does no damage.
You hit the yak. You burn the yak.
The yak is severely wounded.
You slash the yak! You burn the yak. The yak gores you!
The yak gores you but does no damage. The yak gores you!
* * * LOW HITPOINT WARNING * * *
The yak gores you!
* * * LOW HITPOINT WARNING * * *
Casting: Sandblast (safe; 1% risk of failure)
Confirm with . or Enter, or press ? or * to list all spells.
Aiming: Stone Arrow (safe; 1% risk of failure)
Press: ? - help, Shift-Dir - straight line, f - yak
Aim: a yak (severely wounded, 87% to hit)
The stone arrow hits the yak!!
You kill the yak!
Vehumet accepts your kill. The yak gores you!
* * * LOW HITPOINT WARNING * * *
The yak gores you.
* * * LOW HITPOINT WARNING * * *
Casting: Stone Arrow (safe; 1% risk of failure)
Confirm with . or Enter, or press ? or * to list all spells.
Aiming: Stone Arrow (safe; 1% risk of failure)
Press: ? - help, Shift-Dir - straight line, f - yak
Aim: a yak (heavily wounded, 87% to hit)
The stone arrow hits the yak!
The yak is almost dead.
The yak gores you!
You die...

## #### ..# #..# #.# #..#
#.# ####..# #.#####
###.†@..###### ......#
#.....Y.#....# ......#
###.#.###.#.##.####
......####...#.YY..........#
......##...#######.##.#.##.#
......##.##........#.....#.#
......##.#
.##############Y##
.......#.# .#
#....YY.YY....# .....#.>.#
.# #.#############


You could see a yak.

Vanquished Creatures
  A two-headed ogre (D:9)
  Maggie (D:9)
  An unseen horror (D:7)
  Prince Ribbit (D:9)
  A hornet (D:8)
  15 yaks
  2 wyverns (D:9)
  A vampire mosquito (D:7)
  An acid dragon (D:10)
  2 water moccasins (D:8)
  Pargi (D:3)
  2 sky beasts (D:8)
  2 orc warriors (D:8)
  2 black bears
  3 ice beasts
  3 ogres
  3 centaurs
  2 phantoms
  A bullfrog (D:6)
  A necrophage (D:5)
  4 kobold brigands
  A scorpion (D:6)
  6 wights
  36 killer bees
  4 howler monkeys
  4 crimson imps (D:6)
  4 jellies
  10 hounds
  A gnoll bouda (D:7)
  10 orc priests
  4 iguanas
  6 orc wizards
  A statue (D:7)
  Robin (D:3)
  11 adders
  8 gnolls
  2 shadow imps
  A white imp (D:6)
  2 worms
  A dart slug (D:1)
  20 orcs
  4 bats
  2 bat zombies (D:3)
  9 endoplasms
  2 giant cockroaches
  14 goblins
  7 hobgoblins
  4 jackals (D:2)
  A quokka (D:3)
  8 ball pythons
  2 frilled lizards (D:2)
  18 kobolds
  4 rats
258 creatures vanquished.

Vanquished Creatures (others)
  2 plants (D:2)
2 creatures vanquished.

Grand Total: 260 creatures vanquished

Notes
Turn   | Place    | Note
-------+----------+-------------------------------------------
     0 | D:1      | PyroL the Gargoyle Earth Elementalist began the quest for
                  | the Orb.
     0 | D:1      | Reached XP level 1. HP: 10/10 MP: 3/3
   215 | D:1      | Reached skill level 4 in Earth Magic
   248 | D:1      | Reached XP level 2. HP: 15/15 MP: 1/5
   980 | D:2      | Reached XP level 3. HP: 19/19 MP: 4/6
  1292 | D:2      | Reached skill level 5 in Earth Magic
  1430 | D:2      | Reached XP level 4. HP: 24/24 MP: 5/8
  1442 | D:2      | Learned a level 3 spell: Stone Arrow
  2285 | D:3      | Reached skill level 1 in Conjurations
  2285 | D:3      | Noticed Robin
  2286 | D:3      | Killed Robin
  2287 | D:3      | Reached XP level 5. HP: 25/28 MP: 4/9
  2607 | D:3      | Noticed Pargi
  2614 | D:3      | Found an ancient bone altar of Kikubaaqudgha.
  2656 | D:3      | Killed Pargi
  2657 | D:3      | Reached skill level 6 in Earth Magic
  2657 | D:3      | Reached XP level 6. HP: 25/32 MP: 1/11
  3228 | D:4      | Found a staircase to the Ecumenical Temple.
  3234 | Temple   | Entered the Ecumenical Temple
  3735 | D:4      | Reached skill level 7 in Earth Magic
  3903 | D:4      | Reached XP level 7. HP: 37/37 MP: 9/13
  4300 | D:5      | Entered Level 5 of the Dungeon
  4319 | D:5      | Reached skill level 1 in Fighting
  4768 | D:5      | Found Quirimof's Assorted Antiques.
  4786 | D:5      | Identified the +4 trident "Xuegeo" {antimagic, Str+4}
  4824 | D:5      | Reached skill level 5 in Fighting
  4942 | D:5      | Found a sparkling altar of Nemelex Xobeh.
  4943 | D:5      | Found a stormy altar of Qazlal.
  5062 | D:5      | Reached XP level 8. HP: 50/50 MP: 11/14
  5468 | D:6      | Found a shimmering altar of Xom.
  5574 | D:6      | Found a broken altar of Ashenzari.
  5992 | D:6      | Reached skill level 8 in Earth Magic
  6083 | D:6      | Reached skill level 5 in Conjurations
  6106 | D:5      | Reached XP level 9. HP: 56/57 MP: 12/15
  6862 | D:7      | Reached skill level 9 in Earth Magic
  7193 | D:7      | Identified the +5 hand axe of the Madman {flame, *Rage rC+
                  | Int+3}
  7439 | D:7      | Found a radiant altar of Vehumet.
  7447 | D:7      | Became a worshipper of Vehumet
  7806 | D:8      | Reached skill level 10 in Earth Magic
  7869 | D:8      | Noticed a hornet
  7876 | D:8      | Killed a hornet
  8267 | D:7      | Reached skill level 11 in Earth Magic
  8267 | D:7      | Reached XP level 10. HP: 46/63 MP: 8/16
  8357 | D:7      | Noticed a cyclops
  8357 | D:7      | Noticed a two-headed ogre
  8412 | D:7      | Killed an unseen horror
  8412 | D:7      | Reached * piety under Vehumet
  8412 | D:7      | Offered knowledge of Foxfire by Vehumet.
  9097 | D:7      | Noticed a manticore
  9280 | D:8      | Offered knowledge of Poisonous Vapours by Vehumet.
  9283 | D:8      | Reached ** piety under Vehumet
  9483 | D:8      | Reached skill level 5 in Dodging
  9497 | D:8      | Reached XP level 11. HP: 51/67 MP: 11/17
 10147 | D:9      | Identified the +1 robe of the Vaults {Int+7}
 10363 | D:9      | Reached skill level 5 in Spellcasting
 10407 | D:9      | Noticed Maggie
 10413 | D:9      | Noticed a two-headed ogre
 10419 | D:9      | Killed a two-headed ogre
 10419 | D:9      | Offered knowledge of Searing Ray by Vehumet.
 10519 | D:9      | Killed Maggie
 10536 | D:9      | Noticed Prince Ribbit
 10541 | D:9      | Killed Prince Ribbit
 10711 | D:9      | Reached *** piety under Vehumet
 10999 | D:10     | Entered Level 10 of the Dungeon
 11033 | D:10     | Noticed Erolcha
 11344 | D:10     | Slain by a yak

Illustrated notes

Levels and vault maps discovered:
D:1:      wander_arrival_peaceful_grave, layout_loops_corners
D:2:      layout_basic, serial_forest, infiniplex_forest_end_1,
          infiniplex_forest_pool, infiniplex_forest_clump_diagonal,
          infiniplex_forest_lined_corner, infiniplex_forest_end_1,
          infiniplex_forest_end_1, infiniplex_forest_lined_2,
          amcnicky_mini_corridor_feature
D:3:      layout_loops_ring, lemuel_zombie_altar_kikubaaqudgha, uniq_pargi,
          uniq_robin
D:4:      layout_loops_corners, minmay_temple_entry_mist
D:5:      layout_rooms, gammafunk_temple_overflow_pools, serial_shops,
          nicolae_take_the_stairs
D:6:      layout_basic, lemuel_round_altar, led_xom_imps, grunt_ministairs_8
D:7:      minmay_klotski, layout_cave_pools, vehumet_statue, serial_glass,
          glass_columns_b, glass_columns_a
D:8:      wad_woods_minihive, layout_basic, minmay_starry_boxes
D:9:      layout_long_grid, uniq_maggie, uniq_prince_ribbit1
D:10:     layout_basic, nicolae_ru_the_path_less_chosen, erik_orc_1, uniq_snorg,
          uniq_erolcha
Temple:   regret_index_temple_generic_petals

Skill      XL: |  1  2  3  4  5  6  7  8  9 10 11 |
---------------+----------------------------------+-----
Earth Magic    | 4 5 6 7 8 11 | 11.8
Spellcasting   | 3 4 6 |  6.8
Conjurations   | 1 2 3 5 8 9 |  9.3
Fighting       | 5 7 |  7.0
Dodging        | 6 7 |  7.0
Stealth        | |  2.1
Transmutations | |  0.7

Action                   |  1- 3 |  4- 6 |  7- 9 | 10-12 || total
-------------------------+-------+-------+-------+-------++-------
Melee: Unarmed           |    13 |       |       |       ||    13
       Dagger            |       |    67 |    21 |    44 ||   132
       Punch             |       |       |     1 |     1 ||     2
       Hand axe          |       |       |       |    11 ||    11
 Cast: Sandblast         |    43 |    62 |   133 |   174 ||   412
       Stone Arrow       |       |     3 |    35 |    15 ||    53
  Use: Scroll            |       |       |     9 |     5 ||    14
       Potion            |       |       |       |     1 ||     1
 Stab: Sleeping          |       |     1 |       |       ||     1
Armor: Robe              |    13 |    90 |    63 |   158 ||   324
       Steam dragon scal |       |       |       |     9 ||     9
Dodge: Dodged            |    13 |    77 |    49 |   234 ||   373

Table legend: (Time is in decaauts)
 A = Elapsed time spent in this place.
 B = Non-inter-level travel time spent in this place.
 C = Inter-level travel time spent in this place.
 D = Time resting spent in this place.
 E = Time spent auto-exploring this place.
 F = Levels seen in this place.
 G = Mean time per level.
                   A        B        C        D        E       F      G
               +--------+--------+--------+--------+--------+-----+--------+
         Total |  11584 |  11068 |    516 |   1633 |   7493 |  11 | 1053.1 |
       Dungeon |  11325 |  10842 |    483 |   1633 |   7274 |  10 | 1132.5 |
        Temple |    258 |    225 |     33 |      0 |    219 |   1 |  258.0 |
               +--------+--------+--------+--------+--------+-----+--------+

Top non-repeatable levels by time:
     D:7: 1751 daAuts
     D:8: 1592 daAuts
     D:6: 1538 daAuts
     D:4: 1183 daAuts
     D:9: 1144 daAuts
     D:3: 1072 daAuts
     D:2: 1023 daAuts
     D:1: 947 daAuts
     D:5: 858 daAuts
  Temple: 258 daAuts
    D:10: 214 daAuts
